AoeStats
← 鄙人張麻子

Arabia

505815751Analyzed
1v1 RM · 22d ago on Sep 11, 2026· 34m 10s· 2 players
Game mode
Random Map
Map size
Tiny (2 player)
Population
200
Speed
Normal
Resources
Standard
Victory
Conquest
Starting age
Dark Age
Ending age
Imperial Age
RankedLock teamsTeams togetherTeam positionsShared explorationLock speedFull tech treeHidden civsTurbo modeCheats
Victory
Defeat
🇹🇼 Magyars · Taiwan
1185
+16
🇧🇪 Ethiopians · Belgium
1189
-16
鄙人張麻子
7:06 Loom
9:05 Feudal Age
9:47 Double-Bit Axe
9:48 Horse Collar
16:19 Wheelbarrow
20:07 Castle Age
19:06 Fletching
19:10 Gold Mining
20:26 Bloodlines
20:45 Bodkin Arrow
21:17 Bow Saw
22:50 Ballistics
25:15 Husbandry
28:43 Light Cavalry
30:18 Town Watch
31:15 Scale Barding Armor
33:09 Fervor
Tristana
7:21 Loom
10:33 Feudal Age
11:31 Double-Bit Axe
12:41 Horse Collar
17:47 Wheelbarrow
16:58 Town Watch
23:07 Castle Age
21:26 Gold Mining
21:57 Fletching
22:08 Padded Archer Armor
23:10 Crossbowman
23:57 Thumb Ring
23:50 Bodkin Arrow
25:38 Bow Saw
29:15 Ballistics
30:11 Leather Archer Armor
33:58 Stone Mining
Connection lost

Rejoining the realm…

Still unreachable

The connection could not be restored.

Session expired

The server has moved on; the page needs a fresh start.